 Dungeon Crawl Stone Soup version 0.29.1-1-gd02db6906a (webtiles) character file.

Game seed: 14684910220912576674

798 Rediskos the Caller (level 7, -1/55 HPs)
             Began as a Tengu Summoner on Oct 16, 2022.
             Slain by an iguana (9 damage)
             ... on level 5 of the Dungeon.
             The game lasted 00:25:54 (6049 turns).

Rediskos the Caller (Tengu Summoner)                Turns: 6049, Time: 00:25:56

Health: -1/55      AC: 23    Str: 14    XL:     7   Next: 90%
Magic:  2/14       EV:  2    Int: 18    God:
Gold:   228        SH:  0    Dex: 14    Spells: 2/14 levels left

rFire   . . .      SeeInvis .   j - +1 spear
rCold   . . .      Faith    .   (no shield)
rNeg    . . .      Spirit   .   (body armour currently unavailable)
rPois   +          Reflect  .   (helmet currently unavailable)
rElec   .          Harm     .   (cloak currently unavailable)
rCorr   .          Rampage  .   (gloves currently unavailable)
Will    .....      NoTele   +   (boots unavailable)
Stlth   ++........              (no amulet)
HPRegen 0.18/turn               l - +6 ring of strength
MPRegen 0.14/turn               (no ring)

@: lethally poisoned (-1 -> -3), tree-form
A: stationary, stasis, torment immunity, boosted hp, (beak), (talons 3), nimble
flight
a: no special abilities


You were on level 5 of the Dungeon.
You were a tree.
You visited 1 branch of the dungeon, and saw 5 of its levels.

You collected 228 gold pieces.

Inventory:

Hand Weapons
 g - a +1 dagger of freezing
 j - a +1 spear (weapon)
Missiles
 b - a throwing net
 i - 13 poisoned darts
Armour
 a - a +0 robe
 k - a +0 leather armour (melded)
 w - a +1 cloak (melded)
Jewellery
 l - a +6 ring of strength (left branch)
Wands
 v - a wand of polymorph (9)
Scrolls
 n - 2 scrolls of enchant armour
Potions
 d - a potion of flight {unknown}
 e - a potion of heal wounds {unknown}
 f - a potion of curing
 h - a potion of invisibility {unknown}
 m - a potion of berserk rage {unknown}
 p - a potion of brilliance
 r - a potion of might {unknown}
 s - a potion of ambrosia {unknown}


   Skills:
 + Level 0.7 Fighting
 + Level 0.9 Polearms
 - Level 5.0 Dodging
 - Level 2.2 Stealth
 + Level 4.3 Spellcasting
 + Level 7.2 Summonings
 + Level 4.3 Air Magic


You had 2 spell levels left.
You knew the following spells:

 Your Spells              Type           Power      Damage    Failure   Level
a - Summon Small Mammal   Summ           100%       N/A       1%          1
b - Call Imp              Summ           30%        N/A       1%          2
c - Call Canine Familiar  Summ           30%        N/A       2%          3
d - Summon Lightning Spi  Summ/Air       24%        N/A       13%         4
e - Passwall              Tmut/Erth      2%         N/A       22%         2

Your spell library contained the following spells:

 Spells                   Type           Power      Damage    Failure   Level
 Sandblast                Erth           6%         2d5       14%         1
 Summon Guardian Golem    Hex/Summ       17%        N/A       10%         3
 Stone Arrow              Conj/Erth      6%         3d7       38%         3


Dungeon Overview and Level Annotations

Branches:
Dungeon (5/15)
 Temple: D:4-7

Altars:
Elyvilon
Fedhas

Shops:
D:5 =


Innate Abilities, Weirdness & Mutations

You are a tree.
Your roots penetrate the ground, keeping you stationary.
You cannot be teleported.
You are immune to unholy pain and torment.
Your maximum health is greatly increased.
Your equipment is partially melded.
((You have a beak for a mouth.))
((You have claws for feet.))
Your magical nature lets you fly swiftly and evasively.


Message History

The gnoll picks up the pace!
The orc hits you but does no damage.
Casting: Call Imp (safe; 1% risk of failure)
Confirm with . or Enter, or press ? or * to list all spells.
An electric hum fills the air.
You feel sick.
Your hound bites the gnoll bouda.
The gnoll hits you but does no damage. x3; Your crimson imp hits the gnoll.
The gnoll bouda calls upon its god to heal the gnoll.
The gnoll's wounds heal themselves!
The orc hits you but does no damage.
You are too injured to fight recklessly!
You hit the gnoll.
The gnoll is moderately wounded.
You feel sick.
The gnoll is no longer moving quickly.
Your hound bites the gnoll bouda but does no damage.
Your hound barely misses the gnoll bouda.
The gnoll hits you but does no damage. x3
Your crimson imp hits the gnoll but does no damage.
The orc barely misses you.
The gnoll bouda barks out a call to the hunt!
The gnoll picks up the pace!
Your lightning spire shoots out a bolt of lightning at the gnoll!
The bolt of electricity hits the gnoll.
You barely miss the gnoll.
The gnoll is severely wounded.
You feel sick.
Your hound closely misses the gnoll bouda.
The gnoll hits you but does no damage. x3
Your crimson imp barely misses the gnoll.
The orc hits you but does no damage.
The iguana bites you but does no damage.
The gnoll bouda hits you but does no damage.
Your lightning spire shoots out a bolt of lightning at the gnoll!
The bolt of electricity hits the gnoll!
The gnoll dies!
You hit the iguana.
The iguana is lightly wounded.
You feel sick.
Your hound bites the gnoll bouda.
Your hound barely misses the gnoll bouda.
The gnoll hits you but does no damage. x2; The orc hits you but does no damage.
The iguana bites you!
You die...

#.... ...... ###....
.....#
###............#
.......##.....
###.....#....# #
.............# .#
........)g.$.###...
#.glo....#....
#.5♣g.......# ....
##.8h....#### .....
#....#.######.....
#...
##..##.............
......
#.###..#.#........
......
...#.##..###......
###......
..............##.#
###........
..........##...#).###
...........
..........##.......#.


You could see a gnoll bouda (ally target), an iguana (ally target), 2 gnolls, an
orc, a friendly lightning spire (summoned), a friendly hound (summoned) and a
friendly crimson imp (summoned).

Vanquished Creatures
  A scorpion (D:5)
  A hound (D:5)
  An iguana (D:4)
  Natasha (D:1)
  2 adders
  2 orcs
  A giant cockroach (D:4)
  A hobgoblin (D:4)
  A quokka (D:5)
  A ball python (D:4)
  5 bats
  A rat (D:2)
18 creatures vanquished.

Vanquished Creatures (collateral kills)
  Menkaure (D:4)
  An ogre (D:4)
  Blork the orc (D:4)
  A scorpion (D:5)
  An orc priest (D:3)
  3 iguanas (D:4)
  Natasha (D:2)
  5 gnolls
  2 adders
  A worm (D:4)
  4 dart slugs
  5 orcs
  5 ball pythons
  6 bats
  10 endoplasms
  2 giant cockroaches
  8 goblins
  9 hobgoblins
  9 jackals
  5 kobolds
  A quokka (D:2)
  2 frilled lizards (D:1)
  8 rats
91 creatures vanquished.

Vanquished Creatures (others)
  6 fungi (D:4)
  A plant (D:4)
7 creatures vanquished.

Grand Total: 116 creatures vanquished

Notes
Turn   | Place    | Note
-------+----------+-------------------------------------------
     0 | D:1      | Rediskos the Tengu Summoner began the quest for the Orb.
     0 | D:1      | Reached XP level 1. HP: 10/10 MP: 4/4
   217 | D:1      | Reached XP level 2. HP: 15/15 MP: 3/6
   261 | D:1      | Reached skill level 5 in Summonings
   284 | D:1      | Learned a level 2 spell: Call Imp
   807 | D:1      | Reached XP level 3. HP: 19/19 MP: 4/7
  1670 | D:2      | Noticed Natasha
  1683 | D:2      | Killed Natasha
  1684 | D:2      | Reached XP level 4. HP: 24/24 MP: 1/8
  1797 | D:2      | Identified the +2 pair of gloves of the Verdant God {Harm
                  | rN+ Dex-5}
  1817 | D:2      | Noticed Natasha
  2078 | D:2      | HP: 1/24 [Natasha (4)]
  2080 | D:1      | Killed Natasha
  2081 | D:1      | Gained mutation: Your magical nature lets you fly swiftly
                  | and evasively. [Tengu growth]
  2081 | D:1      | Reached XP level 5. HP: 1/28 MP: 3/10
  2085 | D:1      | Learned a level 3 spell: Call Canine Familiar
  2090 | D:1      | Learned a level 4 spell: Summon Lightning Spire
  3371 | D:3      | Reached skill level 1 in Air Magic
  3376 | D:3      | Reached skill level 6 in Summonings
  3812 | D:3      | Found a faded altar of an unknown god.
  4436 | D:4      | Found a blossoming altar of Fedhas.
  4490 | D:4      | Reached XP level 6. HP: 24/32 MP: 4/12
  4814 | D:4      | Noticed Blork the orc
  4836 | D:4      | Killed Blork the orc
  4941 | D:4      | Reached XP level 7. HP: 36/36 MP: 4/13
  5258 | D:4      | Noticed Menkaure
  5273 | D:4      | Killed Menkaure
  5464 | D:4      | Found a white marble altar of Elyvilon.
  5473 | D:4      | Reached skill level 7 in Summonings
  5723 | D:4      | Learned a level 2 spell: Passwall
  5744 | D:5      | Entered Level 5 of the Dungeon
  5744 | D:5      | Found Upecep's Jewellery Shoppe.
  5760 | D:5      | Reached skill level 5 in Dodging
  6049 | D:5      | Slain by an iguana

Illustrated notes

Levels and vault maps discovered:
D:1:      dreamdust_arrival_beginning_and_end, layout_loops_corners,
          grunt_decor_arrowhead, item_on_display_b
D:2:      layout_rooms, minmay_circle_x, uniq_natasha
D:3:      layout_basic, basic_ecumenical_altar
D:4:      kennysheep_spiral_hall, layout_basic,
          mainiacjoe_overflow_surrounded_room, fedhas_altar_3,
          hangedman_decor_riveting, uniq_menkaure, uniq_blork_the_orc
D:5:      layout_cave_pools, temple_hall, serial_shops, shop

Skill      XL: |  1  2  3  4  5  6  7 |
---------------+----------------------+-----
Summonings     | 5 6 7 |  7.2
Dodging        | 3 4 5 |  5.0
Spellcasting   | 3 4 |  4.3
Air Magic      | 1 3 4 |  4.3
Fighting       | |  0.7
Polearms       | |  0.9
Stealth        | |  2.2

Action                   |  1- 3 |  4- 6 |  7- 9 || total
-------------------------+-------+-------+-------++-------
Melee: Dagger            |     8 |    23 |       ||    31
       Peck              |     1 |     4 |     7 ||    12
       Kick              |     2 |     9 |    10 ||    21
       Spear             |       |    19 |    37 ||    56
 Cast: Summon Small Mamm |    43 |    42 |     8 ||    93
       Call Imp          |    12 |    21 |    11 ||    44
       Call Canine Famil |       |    20 |     8 ||    28
       Summon Lightning  |       |       |     1 ||     1
  Use: Scroll            |       |    11 |     2 ||    13
       Potion            |       |       |     6 ||     6
 Stab: Distracted        |       |       |     1 ||     1
Armor: Robe              |    11 |     8 |       ||    19
       Skin              |       |       |    27 ||    27
       Leather armour    |       |       |     6 ||     6
Dodge: Dodged            |    27 |    40 |    25 ||    92
